 Dungeon Crawl Stone Soup version 0.28-a0-1629-gf728b707aa (webtiles) character file.

Game seed: 3612680278099691091

240 croobank the Sneak (level 5, -3/47 HPs)
             Began as a Draconian Delver on Jan 25, 2022.
             Was an Initiate of Ashenzari.
             Slain by an ogre (21 damage)
             ... on level 5 of the Dungeon.
             The game lasted 00:12:54 (2515 turns).

croobank the Sneak (Draconian Delver)               Turns: 2515, Time: 00:12:55

Health: -3/47      AC:  5    Str: 16    XL:     5   Next: 80%
Magic:  5/5        EV: 12    Int: 10    God:    Ashenzari [......]
Gold:   86         SH:  0    Dex: 13    Spells: 4/4 levels left

rFire   + . .      SeeInvis .   p - +2 short sword of Ashenzari's Gnosis {speed, Melee, Self} (curse)
rCold   . . .      Faith    .   (no shield)
rNeg    . . .      Spirit   .   (armour unavailable)
rPois   .          Reflect  .   (helmet restricted)
rElec   .          Harm     .   (no cloak)
rCorr   .          Rampage  .   (no gloves)
Will    .....                   (no boots)
Stlth   +++.......              l - amulet of regeneration
HPRegen 0.95/turn               q - ring of protection from fire
MPRegen 0.09/turn               (no ring)

@: no status effects
A: AC +5, unfitting armour, cold-blooded
a: Renounce Religion, Shatter the Chains


You were on level 5 of the Dungeon.
You worshipped Ashenzari.
Ashenzari was noncommittal.
You visited 1 branch of the dungeon, and saw 5 of its levels.

You collected 86 gold pieces.

Inventory:

Hand Weapons
 a - a +0 hand axe
 p - the cursed +2 short sword of Ashenzari's Gnosis (weapon) {speed, Melee, Self}
   (You took it off a kobold on level 2 of the Dungeon)

   Attacks with this weapon are significantly faster.
   It has a curse which improves the following skills: Melee Combat: Short
   Blades, Long Blades, Axes, Maces & Flails, Polearms, Staves and Unarmed
   Combat.
   Introspection: Fighting and Spellcasting.
Missiles
 e - 65 stones
 j - 71 bolts
 n - 23 sling bullets
 o - 36 arrows
 r - 6 poisoned darts (quivered)
Jewellery
 l - an amulet of regeneration (around neck)
 q - a ring of protection from fire (left hand)
Wands
 f - a wand of digging (3)
Scrolls
 b - 2 scrolls of fog
 d - 4 scrolls of amnesia
 g - a scroll of enchant weapon {unknown}
 i - a scroll of fear
 m - a scroll of summoning {unknown}
Potions
 c - a potion of cancellation
 h - 2 potions of heal wounds
 s - a potion of might {unknown}
 t - a potion of degeneration {unknown}


   Skills:
 - Level 4.0(4.4) Fighting
 + Level 3.7(4.2) Short Blades
 - Level 2.8(3.2) Axes
 - Level 2.5 Dodging
 - Level 5.0 Stealth


You had 4 spell levels left.
You didn't know any spells.
Your spell library contained the following spells:

 Spells                   Type           Power      Damage    Failure   Level
 Ozocubu's Armour         Ice            0%         N/A       75%         3
 Metabolic Englaciation   Hex/Ice        0%         N/A       100%        5
 Simulacrum               Ice/Necr       0%         N/A       100%        6


Dungeon Overview and Level Annotations

Branches:
Dungeon (5/15)             Temple (0/1) D:4

Altars:
Ashenzari
Qazlal
Zin

Shops:
D:3 **

Annotations:
D:5 3 runed translucent doors


Innate Abilities, Weirdness & Mutations

Your plain brown scales are hard. (AC +5)
You cannot fit into any form of body armour.
You are cold-blooded and may be slowed by cold attacks.


Message History

The gnoll shouts! x2; You hear a shout!
A gnoll shaman comes into view. It is wielding a +0 club.
The gnoll shaman shouts!
The gnoll shaman calls upon its god to speed up something.
The gnoll shouts!
You hit the gnoll.
The gnoll is lightly wounded.
You hit the gnoll.
The gnoll is heavily wounded.
The gnoll hits you with a +0 flail!
There is an escape hatch in the floor here.
You closely miss the gnoll.
The gnoll is moderately wounded.
HP restored.
The gnoll hits you but does no damage.
The gnoll hits you from afar with a +0 spear.
You slide downwards.
The hatch slams shut behind you.
Found a club, a green potion, a scroll labelled JOECOTH ROSET and 18 bolts.
Found 11 gold pieces.
The gnoll closely misses you.
You barely miss the gnoll. You tail-slap the gnoll.
The gnoll is severely wounded.
You closely miss the gnoll.
Your tail-slap misses the gnoll.
The gnoll is severely wounded.
The gnoll hits you with a +0 flail!
You barely miss the gnoll.
Your tail-slap misses the gnoll.
The gnoll is severely wounded.
You hit the gnoll.
You kill the gnoll!
You closely miss the ogre. You hit the ogre. You punch the ogre.
The ogre is moderately wounded.
The ogre hits you with a +0 giant club!!
Ouch! That really hurt!
You hit the ogre but do no damage.
You tail-slap the ogre, but do no damage.
The ogre is moderately wounded.
You hit the ogre.
The ogre is moderately wounded.
The ogre hits you with a +0 giant club!!
You die...

..#............
#.........)#.
##............
#####.............
..................
................
####.##.##........
........O..(.####.
....##@##....... #
# #.##........
#.##........
#.##.$.####.
.......# #.##.###
#.# .# #.#


You could see an ogre.

Vanquished Creatures
  A sky beast (D:3)
  An iguana (D:4)
  An orc wizard (D:3)
  2 adders
  A gnoll (D:5)
  2 worms
  A dart slug (D:4)
  4 orcs (D:3)
  11 ball pythons
  6 endoplasms
  A giant cockroach (D:4)
  2 goblins
  6 hobgoblins
  4 kobolds
  A quokka (D:2)
  8 bats
  8 rats
60 creatures vanquished.

Vanquished Creatures (others)
  5 plants (D:3)
5 creatures vanquished.

Grand Total: 65 creatures vanquished

Notes
Turn   | Place    | Note
-------+----------+-------------------------------------------
     0 | D:5      | croobank the Draconian Delver began the quest for the Orb.
     0 | D:5      | Reached XP level 1. HP: 19/19 MP: 1/1
    50 | D:3      | Found Zin's Purification Station.
   168 | D:3      | Found a glowing silver altar of Zin.
   377 | D:2      | Reached XP level 2. HP: 26/26 MP: 2/2
   395 | D:2      | Found a broken altar of Ashenzari.
  1109 | D:2      | Reached XP level 3. HP: 17/33 MP: 3/3
  1433 | D:2      | Became a worshipper of Ashenzari the Shackled
  1807 | D:3      | Found Mauhur's Assorted Antiques.
  1850 | D:3      | Noticed a sky beast
  1885 | D:4      | Reached skill level 5 in Stealth
  1885 | D:4      | Reached XP level 4. HP: 27/40 MP: 4/4
  1901 | D:4      | Noticed a black bear
  1917 | D:4      | Found a staircase to the Ecumenical Temple.
  1927 | D:4      | Noticed an ogre
  2125 | D:3      | Killed a sky beast
  2126 | D:3      | Reached XP level 5. HP: 22/47 MP: 5/5
  2187 | D:3      | Found a faded altar of an unknown god.
  2308 | D:3      | Found a stormy altar of Qazlal.
  2499 | D:5      | Noticed an ogre
  2499 | D:5      | Found a runed translucent gate.
  2499 | D:5      | Found a runed translucent gate.
  2499 | D:5      | Found a runed translucent gate.
  2515 | D:5      | Slain by an ogre

Illustrated notes

Levels and vault maps discovered:
D:1:      mrwooster_arrival_statue_2, layout_loops_ring
D:2:      minmay_angry_zag, layout_loops_ring, basic_altar
D:3:      layout_basic, mainiacjoe_overflow_surrounded_room, zin_purify,
          serial_shops, nicolae_shop_overgrown_old_shop,
          hellmonk_ecumenical_altar_pennies_from_heaven, minivault_25
D:4:      layout_gridville, old_standard_altar,
          mainiacjoe_overflow_cross_hatched, minmay_temple_entry_glass,
          uniq_sigmund, uniq_grinder
D:5:      layout_basic, amethyst_overflow_temple_binary,
          gammafunk_ghost_cemetery

Skill      XL: |  1  2  3  4 |
---------------+-------------+-----
Dodging        | 2 |  2.5
Fighting       | 4 |  4.0
Stealth        | 5 |  5.0
Short Blades   | 3 |  3.7
Axes           | |  2.8

Action                   |  1- 3 |  4- 6 || total
-------------------------+-------+-------++-------
Melee: Hand axe          |    81 |       ||    81
       Tailslap          |    12 |     8 ||    20
       Short sword       |    42 |    62 ||   104
       Punch             |       |     1 ||     1
Invok: Curse Item        |       |     1 ||     1
  Use: Scroll            |     2 |     3 ||     5
       Potion            |     1 |       ||     1
 Stab: Sleeping          |    12 |     2 ||    14
Armor: Skin              |    32 |    13 ||    45
Dodge: Dodged            |    79 |    21 ||   100

Table legend: (Time is in decaauts)
 A = Elapsed time spent in this place.
 B = Non-inter-level travel time spent in this place.
 C = Inter-level travel time spent in this place.
 D = Time resting spent in this place.
 E = Time spent auto-exploring this place.
 F = Levels seen in this place.
 G = Mean time per level.
                   A        B        C        D        E       F      G
               +--------+--------+--------+--------+--------+-----+--------+
         Total |   2485 |   2395 |     90 |    281 |   1152 |   5 |  497.0 |
       Dungeon |   2485 |   2395 |     90 |    281 |   1152 |   5 |  497.0 |
               +--------+--------+--------+--------+--------+-----+--------+

Top non-repeatable levels by time:
     D:2: 805 daAuts
     D:1: 712 daAuts
     D:3: 679 daAuts
     D:4: 269 daAuts
     D:5: 19 daAuts
